 Dungeon Crawl Stone Soup version 0.30-a0-782-ge64f9170bb (webtiles) character file.

Game seed: 1220248578792728790

44725 funkygono the Severer (level 13, -1/123 HPs)
             Began as a Minotaur Fighter on Mar 14, 2023.
             Was a High Priest of Okawaru.
             Slain by an 11-headed hydra (8 damage)
             ... on level 4 of the Lair of Beasts.
             The game lasted 00:24:48 (15606 turns).

funkygono the Severer (Minotaur Fighter)           Turns: 15606, Time: 00:24:48

Health: -1/123     AC: 32    Str: 25    XL:     13   Next: 97%
Magic:  13/13      EV: 10    Int:  8    God:    Okawaru [*****.]
Gold:   1771       SH: 21    Dex: 11    Spells: 12/12 levels left

rFire   . . .      SeeInvis .    a - +6 war axe
rCold   . . .      Faith    .    M - +2 kite shield
rNeg    + . .      Spirit   .    i - +0 plate armour
rPois   +          Reflect  +    F - +2 hat
rElec   +          Harm     .    o - +1 cloak
rCorr   .          Rampage  .    A - +1 pair of gloves of Biuttet {rElec rN+ Int+3 Slay+5}
Will    .....                    H - +1 pair of boots Stlth
                                 J - amulet of reflection
HPRegen 0.40/turn                f - +4 ring of protection
MPRegen 0.13/turn                C - ring of poison resistance

@: heroic, studying Fighting
A: horns 2, retaliatory headbutt
a: Renounce Religion, Heroism, Finesse, Duel


You were on level 4 of the Lair of Beasts.
You worshipped Okawaru.
Okawaru was extremely pleased with you.
You visited 2 branches of the dungeon, and saw 15 of its levels.

You collected 1888 gold pieces.
You spent 117 gold pieces at shops.

Inventory:

Hand Weapons
 a - a +6 war axe (weapon)
 E - a +6 eveningstar
Missiles
 k - a throwing net (quivered)
Armour
 i - a +0 plate armour (worn)
 j - the +0 hat of Benevolence {Fly Int+3}
   (Okawaru gifted it to you on level 1 of the Lair of Beasts)

   Int:       It affects your intelligence (+3).
   Fly:       It grants you flight.
 o - a +1 cloak (worn)
 A - the +1 pair of gloves of Biuttet (worn) {rElec rN+ Int+3 Slay+5}
   (Okawaru gifted it to you on level 2 of the Lair of Beasts)

   Int:       It affects your intelligence (+3).
   Slay:      It affects your accuracy & damage with ranged weapons and melee
   (+5).
   rElec:     It insulates you from electricity.
   rN:        It protects you from negative energy.
 F - a +2 hat (worn)
 H - a +1 pair of boots (worn)
 M - a +2 kite shield (worn)
Jewellery
 f - a +4 ring of protection (left hand)
 p - a +4 ring of protection
 v - an amulet of faith
 C - a ring of poison resistance (right hand)
 J - an amulet of reflection (around neck)
Wands
 m - a wand of polymorph (5)
 t - a wand of flame (28)
 u - a wand of roots (29)
 x - a wand of mindburst (26)
 y - a wand of quicksilver (6)
Scrolls
 b - a scroll of blinking
 c - 6 scrolls of teleportation
 h - a scroll of amnesia
 s - a scroll of fog
 L - a scroll of poison
Potions
 d - 6 potions of might
 e - 4 potions of curing
 g - 4 potions of flight
 l - 2 potions of invisibility
 n - a potion of ambrosia
 r - 3 potions of haste
 w - a potion of heal wounds
 z - 2 potions of mutation
 B - a potion of magic
 G - a potion of resistance
 I - a potion of brilliance


   Skills:
 + Level 13.7(18.7) Fighting
 + Level 17.6(22.6) Axes
 + Level 13.6(18.6) Armour
 + Level 2.2(7.2) Dodging
 + Level 2.4(7.4) Stealth
 + Level 13.8(18.8) Shields
 + Level 2.4 Invocations
 + Level 0.3 Evocations


You had 12 spell levels left.
You didn't know any spells.
Your spell library contained the following spells:

 Spells                   Type           Power      Damage    Failure   Level
 Sting                    Tmut/Pois      0%         1d3       98%         1
 Blink                    Tloc           0%         N/A       99%         2
 Cigotuvi's Dreadful Rot  Necr/Pois/Air  0%         N/A       99%         2
 Ensorcelled Hibernation  Hex/Ice        0%         N/A       99%         2
 Lesser Beckoning         Tloc           0%         N/A       99%         2
 Passwall                 Tmut/Erth      0%         N/A       99%         2
 Poisonous Vapours        Pois/Air       0%         N/A       99%         2
 Sublimation of Blood     Necr           0%         N/A       99%         2
 Wereblood                Tmut           0%         N/A       99%         2
 Gell's Gravitas          Tloc           0%         N/A       100%        3
 Inner Flame              Hex/Fire       0%         N/A       100%        3
 Mephitic Cloud           Conj/Pois/Air  0%         N/A       100%        3
 Portal Projectile        Hex/Tloc       0%         N/A       100%        3
 Swiftness                Air            0%         N/A       100%        3
 Teleport Other           Tloc           0%         N/A       100%        3
 Flame Wave               Conj/Fire      0%         2d4       100%        4
 Leda's Liquefaction      Hex/Erth       0%         N/A       100%        4
 Manifold Assault         Tloc           0%         N/A       100%        4
 Olgreb's Toxic Radiance  Pois           0%         N/A       100%        4
 Sticky Flame             Conj/Fire      0%         2d3       100%        4
 Blade Hands              Tmut           0%         N/A       100%        5
 Yara's Violent Unravell  Hex/Tmut       0%         3d3       100%        5
 Dispersal                Tloc           0%         N/A       100%        6
 Enfeeble                 Hex            0%         N/A       100%        7
 Storm Form               Tmut/Air       0%         N/A       100%        7
 Maxwell's Capacitive Co  Air            0%         ∞         100%        8
 Call Canine Familiar     Summ           Unusable   N/A       N/A         3
 Tukima's Dance           Hex            Unusable   N/A       N/A         3
 Summon Lightning Spire   Summ/Air       Unusable   N/A       N/A         4
 Summon Hydra             Summ           Unusable   N/A       N/A         7

Dungeon Overview and Level Annotations

Branches:
Dungeon (11/15)            Temple (0/1) D:4            Lair (4/5) D:11
  Swamp (0/4) Lair:2        Snake (0/4) Lair:2
  Slime: Lair:4-5       Orc: D:9-12

Altars:
Kikubaaqudgha
Okawaru
Ru
Sif Muna
Wu Jian
Xom
The Shining One

Shops:
D:9 [:[

Annotations:
D:8 3 runed translucent doors, kae's ghost, novice TeFE
D:11 1 runed translucent door, emiel's ghost, journeyman FoFi


Innate Abilities, Weirdness & Mutations

You have a pair of horns on your head.
You reflexively headbutt those who attack you in melee.


Message History

You block the death yak's attack.
The nine-headed hydra bites you but does no damage.
You block the nine-headed hydra's attack.
The nine-headed hydra bites you.
* * * LOW HITPOINT WARNING * * *
You block the nine-headed hydra's attack. x2
The nine-headed hydra closely misses you.
The nine-headed hydra completely misses you.
The nine-headed hydra bites you but does no damage.
You block the nine-headed hydra's attack.
You slice one of the nine-headed hydra's heads off!
The eight-headed hydra grows two more!
You hit the ten-headed hydra.
The ten-headed hydra is moderately wounded.
You hit the death yak but do no damage. The death yak gores you.
* * * LOW HITPOINT WARNING * * *
You block the ten-headed hydra's attack.
The ten-headed hydra bites you but does no damage.
The ten-headed hydra bites you!
* * * LOW HITPOINT WARNING * * *
You block the ten-headed hydra's attack.
The ten-headed hydra barely misses you.
You block the ten-headed hydra's attack.
The ten-headed hydra bites you.
* * * LOW HITPOINT WARNING * * *
The ten-headed hydra closely misses you. x2
The ten-headed hydra bites you but does no damage.
You chop one of the ten-headed hydra's heads off!
The nine-headed hydra grows two more!
You slice the 11-headed hydra!! You headbutt the 11-headed hydra!
The 11-headed hydra is severely wounded.
You slash the death yak! You block the death yak's attack.
You block the 11-headed hydra's attack. The 11-headed hydra bites you!
* * * LOW HITPOINT WARNING * * *
You block the 11-headed hydra's attack. The 11-headed hydra closely misses you.
The 11-headed hydra barely misses you. x2
The 11-headed hydra bites you but does no damage.
The 11-headed hydra bites you.
* * * LOW HITPOINT WARNING * * *
The 11-headed hydra bites you!
You die...

. ... .. .#..##. . ...... ..
##.... ... #.... .... #...#.....
. #†YD.?.... . ##@# P. ..#
#..##### .
#.#..##..#####..#..#### #
#..........P #......#P#
#....?.....###.#####...#
#............## ###.+#########
#..........#..## #..>.......#P.
#..........#...####.............
#.................P.........+...


You could see a death yak and a 11-headed hydra.

Vanquished Creatures
  A minotaur (Lair:1)
  3 hydras
  Harold (Lair:2)
  Erica (Lair:1)
  A two-headed ogre (D:10)
  11 death yaks
  Urug (Lair:2)
  Sonja (D:10)
  Amaemon (D:10)
  Pikel (D:6)
  A bog body (Lair:2)
  A cyclops (D:11)
  A manticore (D:11)
  3 black mambas (Lair:4)
  5 elephants (Lair:3)
  4 centaur zombies (D:10)
  An orange demon (D:10)
  10 cane toads
  2 rime drakes
  2 kobold demonologists
  5 komodo dragons
  3 polar bears
  2 trolls
  Prince Ribbit (D:5)
  5 blink frogs (Lair:3)
  5 dream sheep (Lair:3)
  6 vampires
  2 wraiths (D:10)
  5 shadows
  4 wyverns
  2 basilisks
  50 yaks
  3 steam dragons
  2 swamp worms (Lair:2)
  2 acid dragons
  11 water moccasins
  6 orc warriors
  Duvessa (D:7)
  3 black bears
  4 ice beasts
  2 sky beasts
  6 wolves
  5 ogres
  4 boggarts (Lair:3)
  10 centaurs
  7 kobold brigands
  2 phantoms
  6 bullfrogs
  A scorpion (D:6)
  Dowan (D:7)
  19 killer bees
  A howler monkey (D:9)
  An electric eel (Lair:2)
  6 hounds
  2 jellies
  Crazy Yiuf (D:7)
  5 gnoll boudas
  4 orc priests
  Jessica (D:3)
  4 iguanas
  8 orc wizards
  10 adders
  19 gnolls
  A shadow imp (D:7)
  A white imp (D:8)
  An ufetubus (D:4)
  2 worms (D:2)
  A dart slug (D:2)
  19 orcs
  4 endoplasms
  3 giant cockroaches
  4 hobgoblins
  6 jackals
  26 kobolds
  A quokka (D:1)
  5 ball pythons
  8 bats
  4 frilled lizards
  5 goblins
  4 rats
394 creatures vanquished.

Vanquished Creatures (others)
  19 fungi
  24 plants
  2 withered plants (D:10)
45 creatures vanquished.

Grand Total: 439 creatures vanquished

Notes
Turn   | Place    | Note
-------+----------+-------------------------------------------
     0 | D:1      | funkygono the Minotaur Fighter began the quest for the Orb.
     0 | D:1      | Reached XP level 1. HP: 19/19 MP: 0/0
     0 | D:1      | Noticed an ice dragon
     1 | D:1      | Noticed a tentacled monstrosity
     2 | D:1      | Noticed a tentacled monstrosity
     4 | D:1      | Noticed an ice dragon
     6 | D:1      | Noticed a shadow dragon
     7 | D:1      | Noticed an iron dragon
     8 | D:1      | Noticed an iron dragon
    11 | D:1      | Noticed an iron dragon
    11 | D:1      | Noticed a large abomination
    13 | D:1      | Noticed a shadow dragon
    13 | D:1      | Noticed an ice dragon
    15 | D:1      | Noticed an ice dragon
    15 | D:1      | Noticed a black draconian
    17 | D:1      | Noticed an orb of fire
    17 | D:1      | Noticed a large abomination
    19 | D:1      | Noticed an ice dragon
    19 | D:1      | Noticed a large abomination
   198 | D:1      | Reached XP level 2. HP: 23/27 MP: 1/1
   372 | D:1      | You fall into a shaft and drop 1 floor!
   401 | D:2      | Reached skill level 3 in Axes
   401 | D:2      | Reached XP level 3. HP: 11/33 MP: 2/2
  1077 | D:2      | Reached XP level 4. HP: 40/40 MP: 3/3
  1312 | D:3      | Reached skill level 1 in Dodging
  1881 | D:3      | Noticed Jessica
  1884 | D:3      | Killed Jessica
  1885 | D:3      | Reached skill level 4 in Axes
  2056 | D:3      | Reached XP level 5. HP: 35/47 MP: 4/4
  2363 | D:4      | Reached skill level 5 in Axes
  2382 | D:4      | Noticed a phantom
  2405 | D:4      | Killed a phantom
  2406 | D:4      | Reached XP level 6. HP: 47/53 MP: 5/5
  2425 | D:4      | Noticed a steam dragon
  2429 | D:4      | Reached skill level 5 in Armour
  2436 | D:4      | Killed a steam dragon
  2437 | D:4      | Reached skill level 6 in Axes
  2489 | D:4      | Found an iron altar of Okawaru.
  2490 | D:4      | Found a sacrificial altar of Ru.
  2493 | D:4      | Found a glowing golden altar of the Shining One.
  2496 | D:4      | Became a worshipper of Warmaster Okawaru
  2673 | D:4      | Found a staircase to the Ecumenical Temple.
  2800 | D:4      | Reached skill level 1 in Stealth
  2814 | D:4      | Reached XP level 7. HP: 60/60 MP: 6/6
  2897 | D:5      | Entered Level 5 of the Dungeon
  2905 | D:5      | Reached skill level 5 in Shields
  2963 | D:5      | Reached skill level 5 in Fighting
  3078 | D:5      | Reached skill level 7 in Axes
  3140 | D:5      | Found an ornate altar of the Wu Jian Council.
  3337 | D:5      | Noticed Prince Ribbit
  3353 | D:5      | Killed Prince Ribbit
  3353 | D:5      | Reached * piety under Okawaru
  3354 | D:5      | Reached skill level 8 in Axes
  3354 | D:5      | Reached XP level 8. HP: 6/68 MP: 7/7
  4253 | D:6      | Reached skill level 9 in Axes
  4387 | D:6      | Reached ** piety under Okawaru
  4535 | D:6      | Noticed Pikel
  4548 | D:6      | Killed Pikel
  4548 | D:6      | Reached *** piety under Okawaru
  4549 | D:6      | Reached skill level 10 in Axes
  4549 | D:6      | Reached XP level 9. HP: 73/78 MP: 8/8
  4999 | D:7      | Noticed Duvessa
  5000 | D:7      | Noticed Dowan
  5005 | D:7      | Killed Dowan
  5010 | D:7      | Killed Duvessa
  5209 | D:7      | Reached **** piety under Okawaru
  5288 | D:7      | Reached skill level 11 in Axes
  5651 | D:7      | Found a runed translucent door.
  5652 | D:7      | Noticed Crazy Yiuf
  5733 | D:7      | Killed Crazy Yiuf
  5880 | D:8      | Noticed kae's ghost (novice TeFE)
  5880 | D:8      | Found a runed translucent gate.
  5880 | D:8      | Found a runed translucent gate.
  5880 | D:8      | Found a runed translucent gate.
  5995 | D:8      | Found a shimmering altar of Xom.
  6510 | D:8      | Reached ***** piety under Okawaru
  6738 | D:8      | Reached XP level 10. HP: 88/88 MP: 9/9
  6759 | D:9      | Found Uxtegaic's Book Emporium.
  6764 | D:9      | Reached skill level 12 in Axes
  7148 | D:9      | Reached skill level 13 in Axes
  7449 | D:9      | Found Joani's Antique Armour Shop.
  7454 | D:9      | Bought a pair of gloves for 117 gold pieces
  7479 | D:9      | Reached skill level 14 in Axes
  7561 | D:9      | Identified the +2 falchion "Robeawof" {speed, Dex+4}
  7609 | D:9      | Found an ancient bone altar of Kikubaaqudgha.
  7685 | D:9      | Found Taghir Zaoc's Antique Armour Emporium.
  8014 | D:9      | Found a shimmering blue altar of Sif Muna.
  8061 | D:10     | Entered Level 10 of the Dungeon
  8067 | D:10     | Received a gift from Okawaru
  8113 | D:10     | Reached XP level 11. HP: 20/95 MP: 10/10
  8119 | D:10     | Reached ****** piety under Okawaru
  8842 | D:10     | Received a gift from Okawaru
  8886 | D:10     | Noticed Sonja
  8918 | D:10     | Killed Sonja
  8919 | D:10     | Reached skill level 10 in Shields
  9417 | D:10     | Reached skill level 10 in Armour
  9421 | D:10     | Reached skill level 15 in Axes
  9627 | D:10     | Noticed Amaemon
  9651 | D:10     | Killed Amaemon
  9967 | D:10     | Reached skill level 10 in Fighting
 10142 | D:11     | Found a runed translucent door.
 10142 | D:11     | Noticed emiel's ghost (journeyman FoFi)
 10384 | D:11     | Reached XP level 12. HP: 79/106 MP: 11/11
 10387 | D:11     | Noticed a two-headed ogre
 10687 | D:10     | Killed a two-headed ogre
 10918 | D:11     | Received a gift from Okawaru
 10919 | D:11     | Reached skill level 16 in Axes
 10942 | D:11     | Found a staircase to the Lair.
 11509 | Lair:1   | Entered Level 1 of the Lair of Beasts
 11610 | Lair:1   | Received a gift from Okawaru
 11727 | Lair:1   | Identified the +0 hat of Benevolence {Fly Int+3} (Okawaru
                  | gifted it to you on level 1 of the Lair of Beasts)
 11727 | Lair:1   | Received a gift from Okawaru
 11948 | Lair:1   | Found a runed translucent door.
 11999 | Lair:1   | Noticed Erica
 12003 | Lair:1   | Killed Erica
 12201 | Lair:1   | Noticed a minotaur
 12216 | Lair:1   | Killed a minotaur
 12603 | Lair:2   | Noticed Harold
 12615 | Lair:2   | Killed Harold
 12785 | Lair:2   | Found a staircase to the Snake Pit.
 12914 | Lair:2   | Noticed a death yak
 12914 | Lair:2   | Noticed a death yak
 12916 | Lair:2   | Noticed a death yak
 12916 | Lair:2   | Noticed a death yak
 12919 | Lair:2   | Noticed a death yak
 12924 | Lair:2   | Noticed a death yak
 12924 | Lair:2   | Noticed Urug
 12932 | Lair:2   | Killed a death yak
 12943 | Lair:2   | Killed a death yak
 12945 | Lair:2   | Killed a death yak
 12947 | Lair:2   | Killed a death yak
 12948 | Lair:2   | Reached XP level 13. HP: 53/117 MP: 10/12
 12954 | Lair:2   | Killed Urug
 12965 | Lair:2   | Identified the +1 pair of gloves of Biuttet {rElec rN+
                  | Int+3 Slay+5} (Okawaru gifted it to you on level 2 of the
                  | Lair of Beasts)
 12965 | Lair:2   | Received a gift from Okawaru
 13499 | Lair:2   | Reached skill level 17 in Axes
 13525 | Lair:2   | Reached skill level 1 in Invocations
 13537 | Lair:2   | Found a staircase to the Swamp.
 14757 | Lair:3   | Identified 2 scrolls of acquirement
 14841 | Lair:1   | Acquired 839 gold pieces
 14842 | Lair:1   | Acquired a manual of Fighting
 15594 | Lair:4   | Received a gift from Okawaru
 15606 | Lair:4   | Slain by an 11-headed hydra

Illustrated notes

Levels and vault maps discovered:
D:1:      shiori_arrival_whats_in_store_for_you, layout_basic, st_stairs_5
D:2:      layout_rooms
D:3:      layout_basic, uniq_jessica
D:4:      layout_basic, grunt_temple_overflow_open, temple_doors_e,
          minmay_close_crescents
D:5:      layout_gridville, mainiacjoe_overflow_surrounded_room,
          uniq_prince_ribbit1
D:6:      layout_basic, uniq_pikel
D:7:      layout_cave_pods, hangedman_decor_diamond_cutter,
          uniq_crazy_yiuf_cottage, uniq_duvessa
D:8:      layout_loops_cross, mainiacjoe_overflow_catwalk,
          gammafunk_ghost_split, grunt_tough_drop
D:9:      minmay_ornate_pinched, layout_long_grid, mainiacjoe_overflow_alcove_4,
          kennysheep_mini, serial_shops, shop, nicolae_shop_statue_plus,
          nicolae_lakefront_shop, minmay_misc_feat_tower
D:10:     kennysheep_seaside_town, layout_rooms, serial_undead, serial_undead_b,
          serial_undead_a, serial_undead_f, serial_undead_a, serial_undead_e,
          bh_walls_and_bars, uniq_amaemon, uniq_sonja
D:11:     layout_loops_cross, hellmonk_lair_entry_icy, hellmonk_ghost_big_iron
Lair:1:   dreamdust_labyrinth, layout_misc_corridors, minivault_27, uniq_erica
Lair:2:   layout_long_grid, nicolae_swamp_entry_splash_gauntlet,
          guppyfry_snake_entry_island, beast_lair_carwin_6, uniq_urug,
          uniq_harold
Lair:3:   layout_chaotic_city, kilobyte_rumbling_trees
Lair:4:   layout_roguey, dreamdust_gnoll_shepherd

Skill      XL: |  1  2  3  4  5  6  7  8  9 10 11 12 13 |
---------------+----------------------------------------+-----
Shields        | 4 5 6 7 9 10 12 13 | 13.8
Axes           | 3 4 5 6 8 10 11 14 15 16 17 | 17.6
Fighting       | 4 5 6 7 8 10 11 13 | 13.7
Armour         | 4 5 6 7 8 9 10 12 13 | 13.6
Dodging        | 1 2 |  2.2
Stealth        | 1 2 |  2.4
Invocations    | 2 |  2.4
Evocations     | |  0.3

Action                     |  1- 3 |  4- 6 |  7- 9 | 10-12 | 13-15 || total
---------------------------+-------+-------+-------+-------+-------++-------
  Melee: War axe           |    74 |   109 |   211 |   488 |   230 ||  1112
         Headbutt          |     6 |     7 |    24 |   124 |    63 ||   224
 Invoke: Heroism           |       |       |       |     5 |    13 ||    18
  Evoke: Wand              |       |       |       |       |     5 ||     5
    Use: Scroll            |       |    11 |     9 |    11 |     5 ||    36
         Potion            |       |       |       |     3 |       ||     3
 Armour: Scale mail        |    12 |       |       |       |       ||    12
         Plate armour      |    51 |   117 |   164 |   354 |   123 ||   809
  Dodge: Dodged            |    31 |    50 |    48 |   138 |    48 ||   315
  Block: Buckler           |    27 |    31 |    12 |       |       ||    70
         Kite shield       |       |       |    98 |   358 |   180 ||   636

Table legend: (Time is in decaauts)
 A = Elapsed time spent in this place.
 B = Non-inter-level travel time spent in this place.
 C = Inter-level travel time spent in this place.
 D = Time resting spent in this place.
 E = Time spent auto-exploring this place.
 F = Levels seen in this place.
 G = Mean time per level.
                   A        B        C        D        E       F      G
               +--------+--------+--------+--------+--------+-----+--------+
         Total |  15615 |  15226 |    389 |    306 |  12149 |  15 | 1041.0 |
       Dungeon |  11593 |  11357 |    236 |    175 |   9268 |  11 | 1053.9 |
          Lair |   4022 |   3869 |    153 |    131 |   2881 |   4 | 1005.5 |
               +--------+--------+--------+--------+--------+-----+--------+

Top non-repeatable levels by time:
    D:10: 2277 daAuts
     D:9: 1544 daAuts
  Lair:2: 1278 daAuts
     D:5: 1153 daAuts
  Lair:1: 1113 daAuts
     D:7: 1024 daAuts
     D:3: 1019 daAuts
  Lair:3: 946 daAuts
    D:11: 911 daAuts
     D:8: 881 daAuts
     D:6: 834 daAuts
     D:4: 708 daAuts
     D:1: 705 daAuts
  Lair:4: 683 daAuts
     D:2: 533 daAuts
